 Dungeon Sprint DCSS version bcrawl-1.27.1d (webtiles) character file.

Game seed: 18022892080851370027

12200000 Freyura the Axe Maniac (level 27, -50/249 HPs)
             Began as a Demonspawn Gladiator on July 27, 2020.
             Was the Champion of Makhleb.
             Killed by the air
             ... invoked by a tyrant
              (57 damage)
             ... in the Dungeon (Sprint VIII: "Arena of Blood").
             The game lasted 00:08:35 (122 turns).

Freyura the Axe Maniac (Demonspawn Gladiator)        Turns: 122, Time: 00:08:36

Health: -50/249    AC: 12    Str: 15    XL:     27
Magic:  0/54       EV: 36    Int: 14    God:    Makhleb [******]
Gold:   0          SH:  0    Dex: 23    Spells: 80/80 levels left

rFire    . . .     SeeInvis +   l - +โˆž Axe of Woe
rCold    + . .     Gourm    .   (shield currently unavailable)
rNeg     . . .     Faith    .   b - +0 leather armour
rPois    .         Spirit   +   (helmet unavailable)
rElec    .         Reflect  .   (no cloak)
rCorr    .         Harm     .   (no gloves)
MR       ++...     NoTele   +   (no boots)
Stlth    +++++++++.             (no amulet)
HPRegen  12.51/turn             m - +30 ring of slaying
MPRegen  0.68/turn              n - +30 ring of slaying

@: slowed, very slow
A: antennae 3, iridescent scales 3, cold resistance 1, passive freeze, powered
by death 3, magic shield, magic regeneration, magic link, freezing cloud
immunity
a: Minor Destruction, Lesser Servant of Makhleb, Major Destruction, Greater
Servant of Makhleb, Renounce Religion


You were in the Dungeon.
You worshipped Makhleb.
Makhleb was exalted by your worship.
You were not hungry.

You visited 1 branch

Inventory:

Hand Weapons
 a - a +0 war axe
 l - the +โˆž Axe of Woe (weapon)
   (You found it in the Dungeon)
Missiles
 d - 3 throwing nets {=f}
Armour
 b - a +0 leather armour (worn)
 c - a +0 helmet
Jewellery
 m - a +30 ring of slaying (left hand)
 n - a +30 ring of slaying (right hand)
Scrolls
 k - a scroll of blinking
Potions
 f - a potion of curing
 g - a potion of heal wounds
 h - a potion of haste
 i - a potion of magic
 j - a potion of berserk rage
Comestibles
 e - a ration {!d}


   Skills:
 O Level 27 Fighting
 O Level 27 Axes
 O Level 27 Throwing
 O Level 27 Armour
 O Level 27 Dodging
 O Level 27 Stealth
 O Level 27 Unarmed Combat
 O Level 27 Spellcasting
 O Level 27 Invocations
 O Level 27 Evocations


You had 80 spell levels left.
You didn't know any spells.
Your spell library was empty.

Dungeon Overview and Level Annotations

Branches:
Dungeon (1/1)

Altars:
Makhleb


Innate Abilities, Weirdness & Mutations

You have a pair of large antennae on your head. (SInv)
You are completely covered in iridescent scales. (AC +6)
Your flesh is cold resistant. (rC+)
A frigid envelope surrounds you and freezes all who hurt you.
You regenerate a lot of health from kills.
When hurt, damage is shared between your health and your magic reserves.
You regenerate magic rapidly.
When low on magic, you restore magic in place of health.
You are immune to freezing clouds.


Message History

The fleshlord gestures at you while chanting.
You feel as though you will be slow longer.
You hear a shout! x4
The fleshlord hits you with a +9 great mace!!!!!
Ouch! That really hurt!
* * * LOW HITPOINT WARNING * * *
The fleshlord is frozen.
The fleshlord is almost dead.
The eight-headed meat hydra calls on the powers of darkness!
The eight-headed meat hydra convulses!
The large bag of meat convulses!
The bag of meat convulses! x4; The fleshlord convulses!
Your body is wracked with pain!
* * * LOW HITPOINT WARNING * * *
The bag of meat convulses!
The meat berserker convulses!
The bag of meat convulses! x3
A bag of meat comes into view. It is wielding a +9 war axe.
You hear a shout!
The tyrant waves its bony arms in wide circles.
The air twists around and strikes you!!!
You die...

{ #.. ...# ....
.###.. ..%###......
......###.%.......o.
......_..).....op.o
#..)ยง)#...ooD.#.
#_)<)_#%.%......
..#.).))#...o..#.#
......)_)))))Oo.X...
......###%))@pWXo.#
.###.....))###oLoo..
#...%...#{X{X..o.
#.......# {{


DXOX ......... {XX. ......{.... { .# .......... # ........D# You could see 3
tentacled monstrosities, a tyrant, 2 eight-headed meat hydras, 2 fleshlords, a
large bag of meat (inner flame), 4 large abominations, a wretched soul
(invisible), a meat berserker (berserk) and 12 bags of meat.

Vanquished Creatures
  6 hell knights (D)
  2 hell beasts (D)
  8 great orbs of eyes (D)
  4 hydras (D)
  6 greater mummies (D)
  61 orcs (D)
  7 phantoms (D)
  4 skeletal warriors (D)
  6 large abominations (D)
  3 small abominations (D)
  6 crawling corpses (D)
  25 vampire knights (D)
  28 ogres (D)
  5 two-headed ogres (D)
  7 liches (D)
178 creatures vanquished.

Vanquished Creatures (others)
  5 crawling corpses (D)
5 creatures vanquished.

Grand Total: 183 creatures vanquished

Notes
Turn   | Place    | Note
-------+----------+-------------------------------------------
     0 | D        | Found the +โˆž Axe of Woe
     0 | D        | Freyura the Demonspawn Gladiator began the quest for the
                  | Orb.
     0 | D        | Reached XP level 1. HP: 16/16 MP: 1/1
     1 | D        | Noticed a bag of meat
     2 | D        | Noticed a meat berserker
     3 | D        | Became a worshipper of Makhleb the Destroyer
     3 | D        | Noticed a bag of meat
     3 | D        | Noticed a bag of meat
     5 | D        | Noticed a bag of meat
     6 | D        | Killed a meat berserker
     6 | D        | Reached skill level 10 in Throwing
     6 | D        | Gained mutation: You regenerate a little health from kills.
                  | [demonic ancestry]
     6 | D        | Reached XP level 2. HP: 38/38 MP: 2/2
     6 | D        | Reached XP level 3. HP: 44/44 MP: 3/3
     6 | D        | Reached XP level 4. HP: 51/51 MP: 4/4
     6 | D        | Reached XP level 5. HP: 57/57 MP: 5/5
     6 | D        | Reached XP level 6. HP: 64/64 MP: 6/6
     6 | D        | Gained mutation: You have a pair of small antennae on your
                  | head. [demonic ancestry]
     6 | D        | Reached XP level 7. HP: 69/69 MP: 7/7
     6 | D        | Reached XP level 8. HP: 76/76 MP: 8/8
     6 | D        | Gained mutation: You are partially covered in iridescent
                  | scales. (AC +2) [demonic ancestry]
     6 | D        | Reached XP level 9. HP: 82/82 MP: 9/9
     6 | D        | Gained mutation: You regenerate health from kills. [demonic
                  | ancestry]
     6 | D        | Reached XP level 10. HP: 89/89 MP: 10/10
     6 | D        | Gained mutation: When hurt, damage is shared between your
                  | health and your magic reserves. [demonic ancestry]
     6 | D        | Reached XP level 11. HP: 95/95 MP: 11/11
     6 | D        | Gained mutation: You regenerate a lot of health from kills.
                  | [demonic ancestry]
     6 | D        | Reached XP level 12. HP: 102/102 MP: 12/12
     6 | D        | Gained mutation: You have a pair of antennae on your head.
                  | [demonic ancestry]
     6 | D        | Reached XP level 13. HP: 107/107 MP: 13/13
     6 | D        | Noticed a bag of meat
     8 | D        | Killed a bag of meat
     8 | D        | Reached * piety under Makhleb
     8 | D        | Noticed a bag of meat
     9 | D        | Killed a bag of meat
     9 | D        | Reached XP level 14. HP: 119/119 MP: 14/14
    10 | D        | Noticed a bag of meat
    10 | D        | Noticed a meat berserker
    11 | D        | Noticed a meat berserker
    11 | D        | Noticed a meat berserker
    12 | D        | Killed a bag of meat
    12 | D        | Noticed a meat berserker
    13 | D        | Killed a meat berserker
    13 | D        | Reached ** piety under Makhleb
    13 | D        | Reached skill level 15 in Fighting
    13 | D        | Reached XP level 15. HP: 130/130 MP: 15/15
    15 | D        | Reached skill level 15 in Throwing
    15 | D        | Gained mutation: You are mostly covered in iridescent
                  | scales. (AC +4) [demonic ancestry]
    15 | D        | Reached XP level 16. HP: 141/141 MP: 16/16
    15 | D        | Killed a meat berserker
    15 | D        | Reached *** piety under Makhleb
    15 | D        | Reached skill level 27 in Axes
    15 | D        | Reached skill level 27 in Dodging
    15 | D        | Killed a meat berserker
    15 | D        | Gained mutation: You regenerate magic rapidly. [demonic
                  | ancestry]
    15 | D        | Reached XP level 17. HP: 165/165 MP: 17/17
    17 | D        | Noticed a meat berserker
    18 | D        | Reached **** piety under Makhleb
    18 | D        | Noticed a destroyer
    21 | D        | Killed a meat berserker
    21 | D        | Reached skill level 27 in Fighting
    21 | D        | Reached skill level 27 in Throwing
    21 | D        | Gained mutation: You have a pair of large antennae on your
                  | head. (SInv) [demonic ancestry]
    21 | D        | Reached XP level 18. HP: 182/182 MP: 18/18
    23 | D        | Killed a meat berserker
    23 | D        | Reached skill level 10 in Armour
    23 | D        | Reached skill level 10 in Unarmed Combat
    23 | D        | Reached skill level 10 in Spellcasting
    23 | D        | Gained mutation: Your flesh is cold resistant. (rC+)
                  | [demonic ancestry]
    23 | D        | Reached XP level 19. HP: 189/189 MP: 18/33
    24 | D        | Killed a destroyer
    24 | D        | Reached skill level 15 in Stealth
    25 | D        | Noticed a destroyer
    25 | D        | Reached ***** piety under Makhleb
    25 | D        | Reached skill level 15 in Armour
    25 | D        | Reached skill level 15 in Unarmed Combat
    25 | D        | Reached skill level 15 in Spellcasting
    25 | D        | Noticed a meat berserker
    27 | D        | Noticed a meat berserker
    27 | D        | Noticed a destroyer
    29 | D        | Noticed a meat berserker
    29 | D        | Noticed a large bag of meat
    30 | D        | Noticed a destroyer
    30 | D        | Killed a destroyer
    30 | D        | Reached XP level 20. HP: 197/197 MP: 21/39
    30 | D        | Reached skill level 27 in Stealth
    32 | D        | Killed a meat berserker
    32 | D        | Killed a meat berserker
    32 | D        | Gained mutation: You are completely covered in iridescent
                  | scales. (AC +6) [demonic ancestry]
    32 | D        | Reached XP level 21. HP: 204/204 MP: 15/44
    33 | D        | Reached skill level 27 in Invocations
    34 | D        | Killed a destroyer
    35 | D        | Noticed a destroyer
    38 | D        | Killed a large bag of meat
    38 | D        | Reached ****** piety under Makhleb
    38 | D        | Gained mutation: You are immune to freezing clouds.
                  | [demonic ancestry]
    38 | D        | Reached XP level 22. HP: 212/212 MP: 16/51
    38 | D        | Noticed a destroyer
    40 | D        | Killed a destroyer
    40 | D        | Reached skill level 27 in Armour
    40 | D        | Reached skill level 27 in Unarmed Combat
    40 | D        | Reached skill level 27 in Spellcasting
    41 | D        | Reached XP level 23. HP: 219/219 MP: 15/54
    42 | D        | Noticed a destroyer
    44 | D        | Killed a destroyer
    49 | D        | Noticed a destroyer
    49 | D        | Noticed a destroyer
    49 | D        | Noticed a destroyer
    50 | D        | Killed a destroyer
    50 | D        | Gained mutation: A frigid envelope surrounds you and
                  | freezes all who hurt you. [demonic ancestry]
    50 | D        | Reached XP level 24. HP: 227/227 MP: 20/54
    51 | D        | Noticed a destroyer
    51 | D        | Noticed a destroyer
    52 | D        | Killed a destroyer
    52 | D        | Killed a destroyer
    52 | D        | Reached XP level 25. HP: 234/234 MP: 10/54
    52 | D        | Killed a destroyer
    53 | D        | Noticed a destroyer
    53 | D        | Noticed an accursed
    53 | D        | Noticed a destroyer
    54 | D        | Noticed a tyrant
    55 | D        | Noticed a destroyer
    55 | D        | Noticed a destroyer
    56 | D        | Reached XP level 26. HP: 242/242 MP: 11/54
    57 | D        | Noticed a tyrant
    57 | D        | Killed a destroyer
    57 | D        | Killed a destroyer
    58 | D        | Noticed a tyrant
    58 | D        | Gained mutation: When low on magic, you restore magic in
                  | place of health. [demonic ancestry]
    58 | D        | Reached XP level 27. HP: 249/249 MP: 12/54
    59 | D        | Killed a tyrant
    59 | D        | Noticed a destroyer
    59 | D        | Noticed a destroyer
    60 | D        | Killed a destroyer
    60 | D        | Killed a destroyer
    61 | D        | Killed a destroyer
    61 | D        | Killed a destroyer
    61 | D        | Noticed a large bag of meat
    62 | D        | Noticed an accursed
    63 | D        | Killed a destroyer
    63 | D        | Killed a destroyer
    63 | D        | Noticed an accursed
    63 | D        | Noticed a destroyer
    64 | D        | Killed a tyrant
    65 | D        | Killed a destroyer
    65 | D        | Noticed a destroyer
    66 | D        | Noticed a destroyer
    67 | D        | Killed a tyrant
    68 | D        | Noticed a tyrant
    69 | D        | Killed a destroyer
    70 | D        | Killed a destroyer
    71 | D        | Killed an accursed
    71 | D        | Noticed a large bag of meat
    71 | D        | Noticed a large bag of meat
    72 | D        | Killed a destroyer
    72 | D        | Noticed a tyrant
    72 | D        | Noticed a destroyer
    73 | D        | Killed a large bag of meat
    74 | D        | Noticed an accursed
    75 | D        | Killed a destroyer
    75 | D        | Noticed a large bag of meat
    79 | D        | Killed a tyrant
    80 | D        | Killed an accursed
    80 | D        | Killed a large bag of meat
    80 | D        | Noticed a meat beast
    80 | D        | Noticed an accursed
    81 | D        | Killed a large bag of meat
    81 | D        | Noticed a destroyer
    82 | D        | Reached skill level 27 in Evocations
    84 | D        | Killed a meat beast
    84 | D        | Noticed a destroyer
    87 | D        | Killed a large bag of meat
    87 | D        | Noticed a tyrant
    90 | D        | Killed an accursed
    90 | D        | Noticed an accursed
    92 | D        | Killed a tyrant
    92 | D        | Noticed a tyrant
    94 | D        | Killed a destroyer
    95 | D        | Killed an accursed
    95 | D        | Killed a destroyer
    98 | D        | Noticed a tyrant
    99 | D        | Killed an accursed
   102 | D        | Killed an accursed
   104 | D        | Killed a tyrant
   105 | D        | Noticed a destroyer
   108 | D        | Noticed a fleshlord
   109 | D        | Noticed a fleshlord
   109 | D        | Killed a tyrant
   109 | D        | Noticed a meat beast
   110 | D        | Noticed a fleshlord
   113 | D        | Killed a fleshlord
   113 | D        | Noticed a tyrant
   113 | D        | Noticed a fleshlord
   114 | D        | Killed a fleshlord
   114 | D        | Killed a meat beast
   114 | D        | Noticed a fleshlord
   116 | D        | Noticed a fleshlord
   117 | D        | Noticed a fleshlord
   117 | D        | Noticed a fleshlord
   119 | D        | Noticed a fleshlord
   119 | D        | Killed a fleshlord
   120 | D        | Killed a destroyer
   120 | D        | Killed a fleshlord
   121 | D        | Noticed a large bag of meat
   121 | D        | Killed a fleshlord
   122 | D        | Killed a fleshlord
   122 | D        | HP: 12/249 [fleshlord/+9 great mace (237)]
   122 | D        | Killed from afar by a tyrant

Skill      XL: |  1  2  3  4  5  6  7  8  9 10 11 12 13 14 15 16 17 18 19 20 21 22 23 24 25 26 27 |
---------------+----------------------------------------------------------------------------------+-----
Fighting       | 11 13 15 17 23 27 | 27.0
Axes           | 19 22 25 26 27 | 27.0
Throwing       | 10 12 14 15 20 27 | 27.0
Dodging        | 18 21 24 25 27 | 27.0
Armour         | 10 15 19 25 27 | 27.0
Stealth        | 11 25 27 | 27.0
Unarmed Combat | 10 15 19 25 27 | 27.0
Spellcasting   | 10 15 19 25 27 | 27.0
Invocations    | 14 20 25 27 | 27.0
Evocations     | 27 | 27.0

Action                   |  1- 3 |  4- 6 |  7- 9 | 10-12 | 13-15 | 16-18 | 19-21 | 22-24 | 25-27 || total
-------------------------+-------+-------+-------+-------+-------+-------+-------+-------+-------++-------
Melee: Executioner's axe |     1 |       |       |       |     6 |     5 |     8 |     9 |    64 ||    93
Invok: Greater Servant o |       |       |       |       |       |       |       |       |     1 ||     1
  Use: Potion            |       |       |       |       |       |       |       |       |     1 ||     1
Armor: Leather armour    |       |       |       |       |       |       |       |       |     2 ||     2
Dodge: Dodged            |       |       |       |       |       |     1 |     1 |     3 |     7 ||    12
